 Dungeon Crawl Stone Soup version 0.24.0-123-gd5b16e6ec5 (webtiles) character file.

Game seed: 3326475121779617933, levelgen mode: deterministic

2989 Elellon the Severer (level 9, -8/72 HPs)
             Began as a Hill Orc Fighter on Jan 19, 2020.
             Was a Believer of Okawaru.
             Killed by divine providence
             ... invoked by an orc priest
              (13 damage)
             ... on level 8 of the Dungeon.
             The game lasted 00:13:58 (7691 turns).

Elellon the Severer (Hill Orc Fighter)              Turns: 7691, Time: 00:13:59

Health: -8/72      AC: 11    Str: 22    XL:     9   Next: 83%
Magic:  9/9        EV:  7    Int:  8    God:    Okawaru [**....]
Gold:   429        SH:  0    Dex: 10    Spells: 8/8 levels left

rFire    . . .     SeeInvis .   L - +3 battleaxe (freeze)
rCold    . . .     Gourm    +   (shield currently unavailable)
rNeg     . . .     Faith    .   I - +0 chain mail
rPois    +         Spirit   .   (no helmet)
rElec    .         Reflect  .   (no cloak)
rCorr    .         Harm     .   w - +0 pair of gloves
MR       .....                  J - +0 pair of boots
Stlth    ..........             x - amulet of the gourmand
HPRegen  0.22/turn              h - ring of poison resistance
MPRegen  0.11/turn              (no ring)

@: lightly drained
A: no striking features
a: Heroism, Renounce Religion, Convert to Beogh


You were on level 8 of the Dungeon.
You worshipped Okawaru.
Okawaru was pleased with you.
You were completely stuffed.

You visited 2 branches of the dungeon, and saw 9 of its levels.

You collected 429 gold pieces.

Inventory:

Hand Weapons
 a - a +0 war axe
 H - a +2 flail of draining
 L - a +3 battleaxe of freezing (weapon)
Armour
 c - a +0 shield
 w - a +0 pair of gloves (worn)
 I - a +0 chain mail (worn)
 J - a +0 pair of boots (worn)
Jewellery
 h - a ring of poison resistance (left hand)
 x - an amulet of the gourmand (around neck)
 C - an uncursed ring of fire {unknown}
 G - an uncursed ring of protection from fire {unknown}
 K - an uncursed ring of ice {unknown}
Wands
 b - a wand of flame (14)
 o - a wand of iceblast (5)
 s - a wand of enslavement (25)
 z - a wand of disintegration (18)
Scrolls
 e - 3 scrolls of enchant weapon {unknown}
 i - 2 scrolls of amnesia {unknown}
 m - 3 scrolls of blinking {unknown}
 p - 2 scrolls of teleportation {unknown}
 r - 2 scrolls of magic mapping {unknown}
 t - 2 scrolls of noise {unknown}
 u - 2 scrolls of vulnerability {unknown}
 v - a scroll of enchant armour {unknown}
 y - 2 scrolls of fear {unknown}
 B - 3 scrolls of immolation
 E - 2 scrolls of remove curse {unknown}
Potions
 d - 3 potions of might
 g - 4 potions of brilliance {unknown}
 j - 6 potions of heal wounds
 k - 2 potions of haste {unknown}
 l - a potion of berserk rage {unknown}
 n - 8 potions of curing {unknown}
 q - a potion of agility {unknown}
 A - 2 potions of invisibility {unknown}
 D - a potion of cancellation {unknown}
 F - a potion of degeneration {unknown}
Comestibles
 f - 10 rations
 M - 9 chunks of flesh


   Skills:
 + Level 4.6(4.3) Fighting
 * Level 15.5(15.0) Axes
 + Level 4.2(3.9) Armour
 + Level 4.2(3.9) Shields


You had 8 spell levels left.
You didn't know any spells.
Your spell library contained the following spells:

 Spells                   Type           Power        Failure   Level  Hunger
 Animate Skeleton         Necr           N/A          98%         1    ##.....
 Apportation              Tloc           #.....       98%         1    ##.....
 Confusing Touch          Hex            #.....       98%         1    ##.....
 Summon Butterflies       Summ           #.......     98%         1    ##.....
 Summon Small Mammal      Summ           #...         98%         1    ##.....
 Lesser Beckoning         Tloc           #.........   100%        3    ####...
 Tukima's Dance           Hex            #.......     100%        3    ####...
 Alistair's Intoxication  Tmut/Pois      #.......     100%        5    ######.
 Bolt of Magma            Conj/Fire/Erth #.........   100%        5    ######.
 Iskenderun's Battlesphe  Conj/Chrm      #.......     100%        5    ######.
 Venom Bolt               Conj/Pois      #.........   100%        5    ######.
 Invisibility             Hex            #.......     100%        6    #######
 Iron Shot                Conj/Erth      #.........   100%        6    #######
 Orb of Destruction       Conj           #.........   100%        7    #######
 Spellforged Servitor     Conj/Summ      #.........   100%        7    #######


Dungeon Overview and Level Annotations

Branches:
Dungeon (8/15)             Temple (1/1) D:5
   Lair: D:8-11

Altars:
Ashenzari
Cheibriados
Dithmenos
Elyvilon
Fedhas
Gozag
Hepliaklqana
Kikubaaqudgha
Makhleb
Nemelex Xobeh
Okawaru
Qazlal
Ru
Sif Muna
Trog
Uskayaw
Vehumet
Wu Jian
Xom
Yredelemnul
Zin
The Shining One

Annotations:
D:5 1 runed translucent door, Descartes's ghost, novice DEAE
D:7 3 runed translucent doors, SeriousMike's ghost, novice FoAM


Message History

* * * LOW HITPOINT WARNING * * *
The orc priest calls down the wrath of Beogh upon you.
Beogh smites you!
* * * LOW HITPOINT WARNING * * *
Found a stone staircase leading down.
You see here a +1 flail of distortion.
You slice the orc!! You freeze the orc.
You kill the orc!
Okawaru accepts your kill.
You hit the orc priest. You freeze the orc priest.
The orc priest is heavily wounded.
The orc priest hits you but does no damage.
You barely miss the orc priest.
The orc priest is heavily wounded.
The orc priest barely misses you.
You barely miss the orc priest.
The orc priest is heavily wounded.
The orc priest mumbles some strange prayers to Beogh against you.
Beogh smites you!
You die...

### ## #.. >. ##
#.##. # . ##.#.
#.#. ... .
##?..##o## ..
.......@.# #.#
###.##.)#.#.#
#.##..##.####
#....)......#
#..#..##.##.####
#........[...... #
#............... .
#?..#..#.......#
##
##.##...........##
##.


You could see an orc priest.

Vanquished Creatures
  Grinder (D:4)
  A wyvern (D:8)
  An orc warrior (D:6)
  A sky beast (D:6)
  3 ice beasts
  2 phantoms (D:5)
  2 ogres (D:7)
  A centaur (D:6)
  Blork the orc (D:6)
  4 bullfrogs
  8 wights
  2 howler monkeys (D:5)
  5 crimson imps (D:5)
  2 hounds
  A bullfrog zombie (D:5)
  2 jellies
  2 orc priests
  Terence (D:2)
  2 centaur skeletons
  A gnoll shaman (D:6)
  2 iguanas (D:7)
  An orc wizard (D:5)
  5 worker ants
  A hound zombie (D:5)
  2 worker ant zombies
  11 gnolls
  5 adders
  2 oozes
  An adder zombie (D:5)
  2 adder skeletons
  3 worms
  2 dart slugs (D:1)
  6 leopard geckos
  19 orcs
  5 bats
  7 giant cockroaches
  8 goblins
  5 hobgoblins
  3 jackals
  4 kobolds
  A quokka (D:2)
  A leopard gecko skeleton (D:5)
  3 rats
142 creatures vanquished.

Notes
Turn   | Place    | Note
-------+----------+-------------------------------------------
     0 | D:1      | Elellon the Hill Orc Fighter began the quest for the Orb.
     0 | D:1      | Reached XP level 1. HP: 19/19 MP: 1/1
    54 | D:1      | Reached skill level 3 in Axes
   172 | D:1      | Reached XP level 2. HP: 26/26 MP: 2/2
   371 | D:1      | Reached skill level 4 in Axes
   709 | D:2      | Reached XP level 3. HP: 31/31 MP: 3/3
   946 | D:2      | Reached skill level 5 in Axes
   984 | D:2      | Reached XP level 4. HP: 25/39 MP: 4/4
  1332 | D:2      | Noticed Terence
  1350 | D:2      | Killed Terence
  1350 | D:2      | Reached skill level 6 in Axes
  1859 | D:3      | Found a glowing golden altar of the Shining One.
  1987 | D:3      | Reached XP level 5. HP: 40/45 MP: 5/5
  2404 | D:3      | Reached skill level 7 in Axes
  2886 | D:4      | Reached skill level 8 in Axes
  2886 | D:4      | Reached XP level 6. HP: 42/51 MP: 6/6
  3069 | D:4      | Noticed Grinder
  3086 | D:4      | Killed Grinder
  3086 | D:4      | Reached skill level 9 in Axes
  3086 | D:4      | Reached XP level 7. HP: 28/57 MP: 7/7
  3366 | D:5      | Entered Level 5 of the Dungeon
  3366 | D:5      | Found a staircase to the Ecumenical Temple.
  3375 | Temple   | Entered the Ecumenical Temple
  3625 | Temple   | Became a worshipper of Warmaster Okawaru
  3927 | D:4      | Reached skill level 10 in Axes
  4039 | D:5      | Reached skill level 11 in Axes
  4089 | D:5      | Reached XP level 8. HP: 61/64 MP: 8/8
  4122 | D:5      | Reached * piety under Okawaru
  4125 | D:5      | HP: 3/64 [phantom (1)]
  4128 | D:5      | Reached skill level 12 in Axes
  4413 | D:5      | Noticed Descartes's ghost (novice DEAE)
  4549 | D:5      | Found a runed translucent door.
  4624 | D:5      | Found an iron altar of Okawaru.
  4757 | D:6      | Reached skill level 13 in Axes
  4941 | D:6      | Noticed Blork the orc
  4952 | D:6      | Killed Blork the orc
  5404 | D:6      | Reached XP level 9. HP: 69/70 MP: 9/9
  5424 | D:6      | Reached skill level 14 in Axes
  6700 | D:7      | Reached skill level 15 in Axes
  6845 | D:7      | Reached ** piety under Okawaru
  6969 | D:7      | Found a runed translucent gate.
  6969 | D:7      | Found a runed translucent gate.
  6969 | D:7      | Found a runed translucent gate.
  6969 | D:7      | Noticed SeriousMike's ghost (novice FoAM)
  7201 | D:7      | Got a pair of dazzling boots
  7211 | D:7      | Identified the -7 pair of boots of the Solstice {rN+ MR+
                  | Int+4 Dex-2} (You found it on level 7 of the Dungeon)
  7471 | D:7      | Found a bloodstained altar of Trog.
  7691 | D:8      | Killed from afar by an orc priest

Levels and vault maps discovered:
D:1:      dpeg_arrival_concentric_ovals, layout_basic
D:2:      layout_basic, uniq_terence
D:3:      layout_basic, first_ration, tso_metal_star
D:4:      layout_gridville, grunt_decor_arrowhead, uniq_grinder
D:5:      layout_rooms, minmay_temple_entry_ruins,
          hellmonk_ghost_happy_afterlife, kennysheep_flooded_box
D:6:      layout_layer_cave, uniq_blork_the_orc
D:7:      layout_loops_ring, kennysheep_mini, gammafunk_ghost_split
D:8:      layout_loops_ring, david_lair_generic, enter_ossuary_4
Temple:   roderic_octagonal_lattice_temple

Skill      XL: |  1  2  3  4  5  6  7  8  9 |
---------------+----------------------------+-----
Axes           | 3 4 5 6 8 9 11 13 15 | 15.5
Fighting       | 4 |  4.6
Armour         | 4 |  4.2
Shields        | 4 |  4.2

Action                   |  1- 3 |  4- 6 |  7- 9 || total
-------------------------+-------+-------+-------++-------
Melee: War axe           |    65 |   138 |   290 ||   493
       Battleaxe         |       |       |    39 ||    39
Invok: Heroism           |       |       |     1 ||     1
  Use: Scroll            |       |     3 |     2 ||     5
       Potion            |       |       |     1 ||     1
  Eat: Chunk             |       |     7 |    20 ||    27
       Ration            |       |       |     1 ||     1
Armor: Scale mail        |    29 |    32 |   108 ||   169
       Chain mail        |       |       |    17 ||    17
Dodge: Dodged            |    14 |    33 |    88 ||   135
Block: Shield            |    29 |    56 |   113 ||   198
